 Dungeon Crawl Stone Soup version 0.32-a0-818-gb728d0252e (webtiles) character file.

Game seed: 2805494928889957210

1978850 adelrune the Inexorable Tide (level 24, 199/199 HPs)
             Began as a Demonspawn Gladiator on Mar 23, 2024.
             Was a High Priest of Yredelemnul.
             Escaped with the Orb
             ... and 3 runes
             ... and 1 gem!
             The game lasted 03:38:44 (51769 turns).

adelrune the Inexorable Tide (DsGl)                Turns: 51769, Time: 03:38:44

Health: 199/199    AC: 42    Str: 26    XL:     24   Next: 46%
Magic:  46/46      EV: 11    Int: 11    God:    Yredelemnul [*****.]
Gold:   848        SH: 23    Dex: 20    Spells: 23/23 levels left

rFire   + . .        U - +9 broad axe (heavy)
rCold   + . .        I - +2 tower shield {rF+}
rNeg    + + .        M - +8 orange crystal plate armour {Archmagi, Int+3 Clar}
rPois   +            c - +1 hat {Stlth+}
rElec   .            (cloak unavailable)
rCorr   +            W - +2 pair of gloves
SInv    +            Q - +2 pair of boots of Okawaru's Supremacy {^Contam Rampage rN++ Regen+}
Will    +....        O - amulet of Vitality {Regen++ RegenMP++} Stlth
                     i - ring "Ojis" {Fly rC+ rCorr MP+9 Int-4}
HPRegen 2.93/turn    J - ring of poison resistance
MPRegen 1.40/turn

%: clarity, guardian spirit, rampage, archmagi
@: flying, wreathed by umbra
A: thin skeletal structure 3, spiny 3, magic shield, magic regeneration,
corrupting presence 2, weakness stinger 3, see invisible, strong 1
0: Orb of Zot
}: 3/15 runes: barnacled, silver, gossamer
a: Renounce Religion, Light the Black Torch, Recall Undead Harvest, Hurl
Torchlight, Bind Soul, Fathomless Shackles


You escaped.
You worshipped Yredelemnul.
Yredelemnul was greatly pleased with you.
You visited 9 branches of the dungeon, and saw 45 of its levels.
You visited 1 ziggurat, and saw 5 of its levels.
You also visited: Sewer and Ice Cave.

You collected 5511 gold pieces.
You spent 4663 gold pieces at shops.

Inventory:

Hand Weapons
 U - a +9 heavy broad axe (weapon)
Missiles
 a - 12 silver javelins
 d - 8 throwing nets
 e - 28 javelins (quivered)
Armour
 c - a +1 hat of stealth (worn)
 G - a +4 plate armour of poison resistance
 I - a +2 tower shield of fire resistance (worn)
 M - the +8 orange crystal plate armour (worn) {Archmagi, Int+3 Clar}
   (You found it on level 5 of the Vaults)

   Int+3:     It affects your intelligence (+3).
   Clar:      It protects you from confusion, rage, mesmerisation and fear.
 Q - the +2 pair of boots of Okawaru's Supremacy (worn) {^Contam Rampage rN++ Regen+}
   (You acquired it on level 5 of the Vaults)

   rN++:      It greatly protects you from negative energy.
   ^Contam:   It causes magical contamination when unequipped.
   Regen+:    It increases your rate of health regeneration.
   Rampage:   It bestows one free step when moving towards enemies.
 W - a +2 pair of gloves (worn)
Magical Staves
 o - a staff of air
Jewellery
 i - the ring "Ojis" (left hand) {Fly rC+ rCorr MP+9 Int-4}
   (You found it on level 5 of the Vaults)

   [ring of magical power]

   Int-4:     It affects your intelligence (-4).
   rC+:       It protects you from cold.
   MP+9:      It affects your magic capacity (+9).
   Fly:       It grants you flight.
   rCorr:     It protects you from acid and corrosion.
 r - the ring of Riywnyat {+Blink Fly Int+2}
   (You found it on level 3 of the Dungeon)

   [ring of flight]

   Int+2:     It affects your intelligence (+2).
   Fly:       It grants you flight.
   +Blink:    It lets you blink.
 H - a ring of see invisible
 J - a ring of poison resistance (right hand)
 O - the amulet of Vitality (around neck) {Regen++ RegenMP++}
   (You found it on level 8 of the Dungeon)

   [amulet of nothing]

   Regen++:   It increases your rate of health regeneration.
   RegenMP++: It increases your rate of magic regeneration.
Wands
 p - a wand of polymorph (7)
 v - a wand of light (2)
 x - a wand of iceblast (28)
 B - a wand of digging (18)
 N - a wand of charming (54)
 R - a wand of mindburst (26)
Scrolls
 h - 6 scrolls of butterflies
 j - 2 scrolls of revelation
 k - 23 scrolls of teleportation
 l - 13 scrolls of fear
 m - a scroll of enchant armour
 t - 24 scrolls of identify
 u - 9 scrolls of immolation
 C - 10 scrolls of vulnerability
 F - 3 scrolls of fog
 L - 3 scrolls of poison
 P - 2 scrolls of blinking
Potions
 b - a potion of haste
 f - 4 potions of enlightenment
 g - 4 potions of might
 n - 4 potions of magic
 q - 15 potions of ambrosia
 s - 2 potions of berserk rage
 z - 9 potions of curing
 A - 10 potions of attraction
 D - 10 potions of invisibility
 E - 12 potions of heal wounds
 K - 8 potions of brilliance
 X - 8 potions of lignification
 Y - a potion of resistance
 Z - 5 potions of mutation
Miscellaneous
 w - a lightning rod (4/4)
 y - a phial of floods
 S - a condenser vane
 T - a sack of spiders
 V - a phantom mirror


   Skills:
 + Level 18.3 Fighting
 - Level 18.0 Axes
 * Level 14.5 Throwing
 + Level 18.0 Armour
 + Level 13.9 Dodging
 + Level 16.2 Shields
 + Level 21.3 Invocations
 - Level 8.0 Evocations


You had 23 spell levels left.
You didn't know any spells.
Your spell library contained the following spells:

 Spells                   Type           Power      Damage    Failure   Level
 Apportation              Tloc           0%         N/A       100%        1
 Foxfire                  Conj/Fire      0%         2x1d4     100%        1
 Kiss of Death            Conj/Necr      0%         2d5       100%        1
 Magic Dart               Conj           0%         1d3       100%        1
 Sandblast                Erth           0%         2d4       100%        1
 Shock                    Conj/Air       0%         1d3       100%        1
 Slow                     Hex            0%         N/A       100%        1
 Sting                    Conj/Alch      0%         1d3       100%        1
 Blink                    Tloc           0%         N/A       100%        2
 Call Imp                 Summ           0%         N/A       100%        2
 Cigotuvi's Dreadful Rot  Necr/Alch/Air  0%         N/A       100%        2
 Ensorcelled Hibernation  Hex/Ice        0%         N/A       100%        2
 Jinxbite                 Hex            0%         N/A       100%        2
 Lesser Beckoning         Tloc           0%         N/A       100%        2
 Mercury Vapours          Alch/Air       0%         N/A       100%        2
 Momentum Strike          Conj/Tloc      0%         3d8       100%        2
 Scorch                   Fire           0%         2d5       100%        2
 Searing Ray              Conj           0%         2d4       100%        2
 Confusing Touch          Hex            0%         N/A       100%        3
 Dazzling Flash           Conj/Hex       0%         N/A       100%        3
 Frozen Ramparts          Ice            0%         1d1       100%        3
 Fugue of the Fallen      Necr           0%         N/A       100%        3
 Gell's Gravitas          Tloc           0%         N/A       100%        3
 Inner Flame              Hex/Fire       0%         N/A       100%        3
 Mephitic Cloud           Conj/Alch/Air  0%         N/A       100%        3
 Sigil of Binding         Hex            0%         N/A       100%        3
 Teleport Other           Tloc           0%         N/A       100%        3
 Vampiric Draining        Necr           0%         2d6       100%        3
 Anguish                  Hex/Necr       0%         N/A       100%        4
 Cause Fear               Hex            0%         N/A       100%        4
 Dispel Undead            Necr           0%         3d6       100%        4
 Flame Wave               Conj/Fire      0%         2d4       100%        4
 Ignite Poison            Fire/Alch      0%         N/A       100%        4
 Leda's Liquefaction      Alch/Erth      0%         N/A       100%        4
 Martyr's Knell           Necr/Summ      0%         N/A       100%        4
 Olgreb's Toxic Radiance  Alch           0%         N/A       100%        4
 Petrify                  Alch/Erth      0%         N/A       100%        4
 Sticky Flame             Fire/Alch      0%         2d4       100%        4
 Alistair's Intoxication  Alch           0%         N/A       100%        5
 Curse of Agony           Necr           0%         N/A       100%        5
 Fireball                 Conj/Fire      0%         3d3       100%        5
 Freezing Cloud           Conj/Ice/Air   0%         6-21      100%        5
 Irradiate                Conj/Alch      0%         3d11      100%        5
 Lee's Rapid Deconstruct  Erth           0%         3d4*      100%        5
 Metabolic Englaciation   Hex/Ice        0%         N/A       100%        5
 Silence                  Hex/Air        0%         N/A       100%        5
 Summon Forest            Summ/Tloc      0%         N/A       100%        5
 Summon Mana Viper        Hex/Summ       0%         N/A       100%        5
 Plasma Beam              Fire/Air       0%         2x1d10    100%        6
 Sculpt Simulacrum        Ice/Alch       0%         N/A       100%        6
 Starburst                Conj/Fire      0%         6d3       100%        6
 Summon Cactus Giant      Summ           0%         N/A       100%        6
 Enfeeble                 Hex            0%         N/A       100%        7
 Ozocubu's Refrigeration  Ice            0%         4d7       100%        7
 Discord                  Hex            0%         N/A       100%        8
 Ignition                 Fire           0%         3d3       100%        8
 Chain Lightning          Conj/Air       0%         N/A       100%        9
 Dragon's Call            Summ           0%         N/A       100%        9
 Death Channel            Necr           Unusable   N/A       N/A         6

Dungeon Overview and Level Annotations

Branches:
Dungeon (15/15)            Temple (1/1) D:6            Lair (5/5) D:9
 Shoals (4/4) Lair:2       Spider (4/4) Lair:3        Slime (0/5) Lair:5
    Orc (2/2) D:11            Elf (0/3) Orc:2        Vaults (5/5) D:13
  Crypt (0/3) Vaults:2     Depths (4/4) D:15            Zot (5/5) Depths:4
  Sewer (visited)           IceCv (visited)

Altars:
Ashenzari
Cheibriados
Dithmenos
Fedhas
Gozag
Hepliaklqana
Kikubaaqudgha
Makhleb
Nemelex Xobeh
Okawaru
Qazlal
Ru
Sif Muna
Trog
Uskayaw
Vehumet
Wu Jian
Xom
Yredelemnul
Beogh

Shops:
D:1 ?   D:12 [!*?(   Orc:2 [(*?   Shoals:3 *=*[   Vaults:1 [   Vaults:5 *
Depths:1 !   Depths:4 *

Portals:
Hell: Depths:1 Depths:2 Depths:3 Depths:4
Abyss: Depths:3
Pandemonium: Depths:1 Depths:2
Trove: D:12 (give 4 scrolls of blinking)

Annotations:
D:6 2 runed translucent doors
Orc:1 2 transporters, DrFunkyFeet's ghost, journeyman FeSu
Vaults:1 2 transporters, CrossHare's ghost, adept GnWn
Vaults:2 3 runed translucent doors, Zacay's ghost, adept HuEE
Depths:1 1 runed translucent door, Zuofef's ghost, veteran GrEE


Innate Abilities, Weirdness & Mutations

You have an unnaturally thin skeletal structure. (Dex +6, Stealth+++)
You are completely covered in sharp spines.
When hurt, damage is shared between your health and your magic reserves.
You regenerate magic rapidly.
Your presence sometimes corrodes or deforms those you injure.
You have a sharp stinger which inflicts weakening toxins.
You have supernaturally acute eyesight. (SInv)
Your muscles are strong. (Str +4, Int/Dex -1)


Message History

The war gargoyle disappears in a puff of smoke!
The demonspawn corrupter calls forth creatures from the Pits of Slime!
A smoke demon comes into view.
The war gargoyle attacks as it pursues you!
The war gargoyle hits you with a +0 dire flail.
Your surroundings suddenly seem different.
You start waiting.
An Orb Guardian comes into view.
Things that are here:
a +0 club; a goblin skeleton You are no longer corroded.
The Orb Guardian closely misses you.
The Orb Guardian attacks as it pursues you!
You block the Orb Guardian's attack. The Orb Guardian closely misses you.
The Orb Guardian attacks as it pursues you!
The Orb Guardian barely misses you.
Aiming: Dig
Press: ? - help, Shift-Dir - straight line A rock wall.
This square is wreathed by an umbra and is covered in magical glow.
The rock shatters into small pieces.
You block the Orb Guardian's attack.
You slice the Orb Guardian!!
You tail-slap the Orb Guardian, but do no damage.
The Orb Guardian is moderately wounded.
You block the Orb Guardian's attack. x2
You slice the Orb Guardian!!
The Orb Guardian is heavily wounded.
You block the Orb Guardian's attack.
You slice the Orb Guardian!!
You tail-slap the Orb Guardian, but do no damage.
The Orb Guardian is almost dead.
You block the Orb Guardian's attack.
The Orb Guardian hits you but does no damage.
You slash the Orb Guardian!
You kill the Orb Guardian!
With your torch unlit, their soul goes wasted...
The dead are walking!
There is a staircase leading out of the dungeon here.
You have escaped!

#....§§§§.....## #####
#....... ....####.......##
#...# #....... ..###
###......# #...###.......
.## ##.....##
#....##....... ## ##.....#
#....##....... # #.....#
###...#....... #
##....#######.........
#....##...#..........
##...@ß#)..#.....##### #
#.....Z....#..##.## #
#.....##......##..#### ##
##.....##....#..##....#
.##
##......##....##..####..
..###
###......###.....##...##..
....####........#
#...#..###.##..
.).............##
#...##..##..#..
#........§.§..###
####...........


You could see a friendly Orb Guardian zombie.

Vanquished Creatures
  2 ancient liches
  An orb of fire (Zot:1)
  A juggernaut (Depths:2)
  2 Killer Klowns (Zot:5)
  2 curse toes
  7 golden dragons
  A Brimstone Fiend (D:7)
  6 tentacled monstrosities
  An electric golem (Zot:5)
  Rupert (D:13)
  4 liches
  Jorgrun (D:13)
  A Hell Sentinel (Zot:2)
  3 walking crystal tomes (Depths:3)
  14 Orb Guardians
  6 titans
  2 quicksilver dragons
  2 walking divine tomes (Depths:3)
  5 sphinxes
  3 walking frostbound tomes (Depths:3)
  An Executioner (Zot:4)
  An eldritch tentacle (Zot:5)
  Polyphemus (Shoals:4)
  Frances (D:12)
  7 storm dragons
  3 death cobs
  3 shadow dragons
  2 tengu reavers
  A draconian monk (Zot:5)
  A draconian knight (Depths:4)
  A demonspawn warmonger (Zot:4)
  4 fire giants
  5 protean progenitors
  6 frost giants
  3 emperor scorpions
  10 vault wardens
  A deep elf sorcerer (Vaults:5)
  A draconian shifter (Zot:5)
  3 ghost moths
  5 broodmothers
  2 orc warlords
  2 reapers
  2 draconian stormcallers (Depths:4)
  9 ironbound preservers
  2 draconian annihilators
  19 very ugly things
  2 formless jellyfish
  11 stone giants
  4 spriggan defenders (Depths:3)
  2 deep elf death magi (Vaults:4)
  3 ironbound thunderhulks
  2 black draconians (Zot:1)
  A vampire knight (Depths:1)
  A lorocyproca (Depths:2)
  A spectral draconian (Vaults:5)
  3 war gargoyles
  A yellow draconian (Zot:5)
  2 green draconians
  3 spark wasps
  A deep elf annihilator (Vaults:5)
  2 purple draconians (Zot:5)
  6 white draconians
  3 red draconians
  10 dire elephants
  A green death (Depths:1)
  3 merfolk javelineers
  4 merfolk impalers
  The ghost of hikkokomori the Prestidigitator, a journeyman CoAl of Vehumet (D:12)
  13 ettins
  2 deep elf high priests
  4 fire dragons
  A spectral ogre (Vaults:5)
  10 yaktaur captains
  3 entropy weavers
  9 ice dragons
  A hell beast (Depths:2)
  33 vault guards
  6 rakshasas
  2 spriggan air magi
  4 ogre magi
  3 peacekeepers
  An alligator (Zot:1)
  3 centaur warriors
  2 catoblepae
  2 merfolk avatars
  5 ironbound frosthearts
  4 great orbs of eyes
  A merfolk aquamancer (Shoals:3)
  12 boulder beetles
  14 two-headed ogres
  2 hell hogs (Lair:5)
  4 deep troll earth magi
  7 deep troll shamans
  3 vampire magi
  2 tengu warriors
  7 demonic crawlers
  7 death yaks
  5 orc high priests
  3 occultists
  6 sun demons
  4 spriggan berserkers
  2 soul eaters
  A hell knight (Vaults:4)
  4 skysharks
  4 iron trolls
  38 deep trolls
  A salamander mystic (Depths:4)
  3 pharaoh ants
  A shadow demon (D:5)
  A sixfirhy (Depths:1)
  4 glowing orange brains
  2 orb spiders
  7 spectral humans (Vaults:5)
  9 sea snakes
  3 sun moths
  A flayed ghost (Depths:2)
  3 necromancers
  5 arcanists
  11 harpies
  12 ironbound convokers
  4 phantasmal warriors
  8 lindwurms
  6 steelbarb worms
  7 deep elf pyromancers
  2 deep elf zephyrmancers (Zig:4)
  The ghost of peachesNpie the Cleaver, a novice MiBe of Trog (D:6)
  7 fauns (Shoals:2)
  17 wolf spiders
  34 ugly things
  2 salamanders (Depths:4)
  2 orc sorcerers (Orc:1)
  2 fauns (shapeshifter)
  17 orc knights
  5 manticores
  A shining eye (Depths:3)
  14 meliai
  7 merfolk sirens
  7 moths of wrath
  6 cyclopes
  4 kobold blastminers
  13 vault sentinels
  6 black mambas
  5 water nymphs
  7 elephants (Lair:5)
  6 cane toads
  11 torpor snails
  2 molten gargoyles (Lair:5)
  An orange demon (Zig:5)
  3 gargoyles
  Maggie (D:7)
  A rust devil (Depths:2)
  2 freezing wraiths
  14 yaktaurs
  Jeremiah (D:7)
  A kobold demonologist (D:12)
  4 rime drakes
  A cane toad (shapeshifter) (Depths:2)
  6 komodo dragons
  A tengu conjurer (D:14)
  A human zombie (Vaults:5)
  A queen bee (D:13)
  3 trolls (D:6)
  A red devil (Zot:3)
  16 tarantellas
  15 merfolk
  2 polar bears (Lair:5)
  3 wind drakes
  11 blink frogs
  A culicivora zombie (Spider:4)
  A hornet (D:8)
  8 snapping turtles
  A centaur simulacrum (D:15)
  25 slime creatures
  Sigmund (D:2)
  5 dream sheep
  9 jumping spiders
  20 yaks
  2 shadows
  10 culicivoras
  5 wyverns
  A dire elephant simulacrum (IceCv)
  2 hogs (Lair:4)
  A vampire (Vaults:2)
  11 humans (D:13)
  4 water elementals
  A fire elemental (D:13)
  2 steam dragons
  A warg (Orc:1)
  4 basilisks
  A redback (shapeshifter) (Vaults:5)
  19 redbacks
  8 vampire mosquitoes
  5 death yak simulacra (IceCv)
  An ogre zombie (D:15)
  An acid dragon (D:12)
  3 water moccasins
  7 hell hounds
  2 ice beasts (D:6)
  A sky beast (D:6)
  23 orc warriors
  2 black bears
  5 boggarts
  4 centaurs
  9 ogres
  2 phantoms
  8 kobold brigands
  9 bullfrogs
  4 two-headed ogre simulacra (IceCv)
  A cane toad simulacrum (IceCv)
  3 scorpions
  5 wights (D:7)
  An elephant simulacrum (IceCv)
  32 killer bees
  3 howler monkeys
  4 jellies
  3 bombardier beetles
  Crazy Yiuf (D:7)
  16 orc priests
  A gnoll bouda (D:6)
  6 hounds
  7 iguanas
  12 orc wizards
  4 spriggan simulacra (IceCv)
  4 troll simulacra (IceCv)
  A polar bear simulacrum (IceCv)
  A wolf simulacrum (IceCv)
  A bullfrog simulacrum (D:6)
  13 gnolls
  11 adders
  5 naga simulacra (IceCv)
  3 shadow imps
  11 white imps
  7 ufetubi
  A spectral white imp (IceCv)
  A dart slug (D:1)
  4 ribbon worms
  51 orcs
  8 endoplasms
  2 giant cockroaches
  10 goblins
  6 hobgoblins
  4 jackals (Sewer)
  27 kobolds
  6 ball pythons
  5 bats
  3 frilled lizards
  9 rats
  3 tentacles (Shoals:4)
1342 creatures vanquished.

Vanquished Creatures (collateral kills)
  An orb of fire (Zot:5)
  A juggernaut (Depths:4)
  2 pandemonium lords
  An electric golem (Zot:3)
  3 tentacled monstrosities
  An Ice Fiend (Zig:5)
  2 liches (Depths:2)
  11 Orb Guardians
  3 titans
  A kraken (Shoals:4)
  A sphinx (Depths:4)
  2 death cobs (Zot:5)
  Agnes (Spider:3)
  Kirke (Lair:4)
  A draconian monk (Zot:5)
  2 tengu reavers (Vaults:4)
  3 shadow dragons
  A demonspawn warmonger (Zig:5)
  3 protean progenitors
  A draconian knight (Zot:5)
  3 frost giants
  4 vault wardens
  An emperor scorpion (Spider:4)
  A ghost moth (Spider:1)
  4 ironbound preservers
  2 broodmothers
  2 orc warlords
  8 very ugly things
  7 stone giants
  2 green draconians
  4 ironbound thunderhulks
  2 vampire knights
  A deep elf annihilator (Vaults:4)
  A white draconian (Zot:4)
  2 black draconians
  A red draconian (Zot:5)
  2 purple draconians
  3 dire elephants
  5 spark wasps
  3 war gargoyles
  2 bunyips (Zot:3)
  A crystal guardian (Vaults:4)
  5 merfolk javelineers
  2 ettins
  4 entropy weavers
  2 merfolk impalers
  4 fire dragons
  A yaktaur captain (Vaults:2)
  4 vault guards
  2 great orbs of eyes
  A peacekeeper (Vaults:4)
  A rakshasa (Depths:2)
  A spriggan air mage (Depths:4)
  An ironbound frostheart (Vaults:2)
  A radroach (Spider:4)
  6 boulder beetles
  7 ice dragons
  A centaur warrior (D:15)
  A dancing weapon (Zig:4)
  3 two-headed ogres
  8 demonic crawlers
  An alligator snapping turtle (Shoals:4)
  2 death knights
  A death yak (Lair:5)
  2 tengu warriors
  A deep troll shaman (Depths:2)
  2 spriggan berserkers (Depths:2)
  An orc high priest (Orc:2)
  3 deep troll earth magi
  A sun demon (Shoals:2)
  4 iron trolls
  3 skysharks
  A sixfirhy (Depths:1)
  6 pharaoh ants
  13 deep trolls
  6 sea snakes
  5 orb spiders
  A glowing orange brain (Vaults:3)
  A sun moth (Spider:4)
  A flayed ghost (Depths:3)
  An arcanist (Vaults:4)
  8 harpies
  2 necromancers
  A phantasmal warrior (D:14)
  3 orc knights
  2 deep elf pyromancers
  4 ironbound convokers
  7 steelbarb worms
  A deep elf zephyrmancer (Zig:4)
  A lindwurm (Vaults:1)
  11 ugly things
  5 fauns (Shoals:2)
  4 wolf spiders
  3 meliai
  3 moths of wrath
  4 cyclopes
  5 manticores
  6 cane toads
  2 black mambas
  2 merfolk sirens
  8 elephants (Lair:5)
  6 vault sentinels
  2 water nymphs
  An ice statue (IceCv)
  An eye of devastation (Depths:3)
  A gargoyle (D:11)
  4 torpor snails
  A kobold demonologist (D:12)
  A purple draconian zombie (Depths:4)
  2 tengu conjurers
  4 komodo dragons
  2 rime drakes
  An efreet (D:13)
  2 freezing wraiths
  9 yaktaurs
  11 merfolk
  A troll (D:12)
  2 polar bears (Lair:5)
  8 tarantellas
  2 wind drakes (Shoals:4)
  14 blink frogs
  5 snapping turtles
  A glass eye (Depths:3)
  A dream sheep (shapeshifter) (Depths:2)
  4 dream sheep
  15 jumping spiders
  6 culicivoras
  7 slime creatures
  4 wyverns
  A dire elephant simulacrum (IceCv)
  3 water elementals
  A wraith (D:14)
  A shadow (D:10)
  2 vampires (Vaults:2)
  3 hogs (Lair:4)
  15 yaks
  6 humans (D:13)
  5 basilisks
  4 vampire mosquitoes (D:11)
  19 redbacks
  2 steam dragons (Lair:5)
  A harpy simulacrum (IceCv)
  2 acid dragons
  4 water moccasins
  4 orc warriors
  An ice beast (D:7)
  A swamp drake (Zig:2)
  2 laughing skulls (D:15)
  An ogre (Orc:1)
  A centaur (D:9)
  A kobold brigand (D:12)
  A bullfrog (Lair:2)
  4 two-headed ogre simulacra (IceCv)
  11 killer bees
  An elephant simulacrum (IceCv)
  A howler monkey (D:12)
  4 lava snakes (Lair:5)
  4 jellies
  5 orc priests
  A hell rat (D:9)
  3 iguanas (D:9)
  An orc wizard (D:9)
  A centaur simulacrum (D:6)
  A river rat (D:9)
  A white imp (IceCv)
  An ufetubus (IceCv)
  11 orcs
  3 endoplasms (Lair:5)
  2 kobolds (D:9)
  An aspiring flesh (Zot:1)
551 creatures vanquished.

Vanquished Creatures (others)
  A caustic shrike (Depths:3)
  2 spectral humans
  A caustic shrike zombie (Depths:3)
  A spectral tentacled monstrosity (Zot:1)
  A spectral sphinx (D:15)
  A spectral draconian (Depths:4)
  5 very ugly thing zombies
  A spectral storm dragon (Depths:4)
  6 Orb Guardian zombies (Zot:5)
  2 spectral protean progenitors (Zot:3)
  A spectral efreet (D:15)
  A spectral sixfirhy (Depths:1)
  A storm dragon zombie (Zot:5)
  A spectral fire dragon (Spider:4)
  A ghost moth zombie (Spider:4)
  A golden dragon zombie (Zot:5)
  3 spark wasp zombies
  A shadow dragon zombie (Zot:5)
  6 ugly thing zombies
  An alligator zombie (Zot:1)
  4 harpies (Vaults:1)
  2 frost giant zombies
  5 wolf spider zombies
  3 fire giant zombies
  A spectral skyshark (Shoals:4)
  A hell hog zombie (Lair:5)
  3 stone giant zombies
  A draconian zombie (Zot:1)
  A spectral soul eater (Depths:2)
  2 death yak zombies (Lair:5)
  2 spectral rakshasas (Depths:3)
  A red draconian zombie (Zot:1)
  3 white draconian zombies
  2 spectral sun demons
  2 green draconian zombies
  An orb spider zombie (Spider:4)
  A purple draconian zombie (Zot:5)
  5 steelbarb worm zombies
  5 redback zombies
  3 sea snake zombies
  An iron troll zombie (Depths:4)
  A demonic crawler zombie (Spider:4)
  6 harpy zombies
  A merfolk (Shoals:3)
  4 boulder beetle zombies
  A great orb of eyes zombie (Vaults:1)
  6 moth of wrath zombies
  4 ice dragon zombies
  5 meliai zombies
  5 jumping spider zombies
  An ettin zombie (Depths:3)
  A culicivora zombie (Spider:2)
  3 fire dragon zombies (Depths:2)
  5 tarantella zombies
  5 spriggan zombies
  5 black mamba zombies
  5 slime creature zombies
  A spectral kobold (Lair:5)
  18 human zombies
  A skyshark zombie (Shoals:3)
  14 deep troll zombies
  2 tengu zombies
  An entropy weaver zombie (Vaults:2)
  A lindwurm zombie (Vaults:1)
  3 elephant zombies (Lair:5)
  3 manticore zombies
  An elf zombie (D:13)
  6 merfolk zombies
  2 blink frog zombies
  A torpor snail zombie (Spider:4)
  An ogre (Vaults:5)
  2 komodo dragon zombies
  4 yaktaur zombies
  A wyvern zombie (Lair:5)
  3 hell hound zombies
  2 water moccasin zombies
  2 cyclops zombies (D:15)
  3 yak zombies
  A killer bee (D:8)
  A centaur zombie (D:9)
  3 bullfrog zombies
  3 basilisk zombies
  A scorpion zombie (D:6)
  3 boggart zombies
  11 killer bee zombies
  An acid dragon zombie (D:10)
  An ice beast zombie (D:7)
  3 ogre zombies
  2 hound zombies (D:6)
  A hell rat zombie (D:9)
  2 steam dragon zombies (Lair:5)
  An iguana zombie (D:9)
  2 jelly zombies
  2 lava snake zombies (Lair:5)
  46 orc zombies
  8 spectral white imps
  A gnoll zombie (D:7)
  A river rat zombie (D:9)
  7 kobold zombies
  7 spectral ufetubi (IceCv)
  A tentacle (Shoals:4)
326 creatures vanquished.

Grand Total: 2219 creatures vanquished

Notes
Turn   | Place    | Note
-------+----------+-------------------------------------------
     0 | D:1      | adelrune the Demonspawn Gladiator began the quest for the
                  | Orb.
     0 | D:1      | Reached XP level 1. HP: 16/16 MP: 1/1
   184 | D:1      | Gained mutation: You have a somewhat thin skeletal
                  | structure. (Dex +2, Stealth+) [demonic ancestry]
   184 | D:1      | Reached XP level 2. HP: 22/22 MP: 2/2
   272 | D:1      | Found Lietal's Magic Scroll Shoppe.
   626 | D:2      | Reached skill level 1 in Armour
   895 | D:2      | Reached XP level 3. HP: 28/28 MP: 3/3
   915 | D:2      | Noticed Sigmund
  1274 | D:1      | Bought a scroll of teleportation for 30 gold pieces
  1274 | D:1      | Bought a scroll of identify for 20 gold pieces
  1564 | D:3      | Gained mutation: You are partially covered in sharp spines.
                  | [demonic ancestry]
  1564 | D:3      | Reached XP level 4. HP: 23/34 MP: 4/4
  1664 | D:3      | Identified the ring of Riywnyat {+Blink Fly Int+2}
  1892 | D:2      | Killed Sigmund
  1893 | D:2      | Reached XP level 5. HP: 36/41 MP: 5/5
  2503 | D:4      | Gained mutation: You have a moderately thin skeletal
                  | structure. (Dex +4, Stealth++) [demonic ancestry]
  2503 | D:4      | Reached XP level 6. HP: 33/47 MP: 6/6
  2646 | D:3      | Reached skill level 5 in Axes
  2688 | D:4      | Reached skill level 1 in Evocations
  2847 | D:4      | Reached XP level 7. HP: 54/54 MP: 7/7
  3253 | D:5      | Entered Level 5 of the Dungeon
  3653 | D:5      | Gained mutation: You have a small tail. [demonic ancestry]
  3653 | D:5      | Reached XP level 8. HP: 54/61 MP: 8/8
  3849 | D:6      | Found a glowing drain.
  3876 | Sewer    | Entered a sewer
  4178 | D:6      | Reached skill level 5 in Fighting
  4182 | D:6      | Found a large runed translucent door.
  4182 | D:6      | Found a large runed translucent door.
  4187 | D:6      | Noticed a troll
  4194 | D:6      | Found a large runed translucent door.
  4194 | D:6      | Found a large runed translucent door.
  4422 | D:6      | Found a runed translucent gate.
  4422 | D:6      | Found a runed translucent gate.
  4422 | D:6      | Found a runed translucent gate.
  4482 | D:6      | Noticed peachesNpie's ghost (novice MiBe)
  4534 | D:6      | Found a staircase to the Ecumenical Temple.
  4548 | Temple   | Entered the Ecumenical Temple
  4554 | Temple   | Became a worshipper of Yredelemnul the Fallen
  4713 | D:6      | Reached skill level 1 in Invocations
  4799 | D:6      | Noticed a troll
  4811 | D:6      | Killed a troll
  4812 | D:6      | Reached skill level 2 in Invocations
  4812 | D:6      | Gained mutation: You have a tail ending in a sharp stinger.
                  | [demonic ancestry]
  4812 | D:6      | Reached XP level 9. HP: 45/69 MP: 10/10
  4904 | D:6      | Noticed a troll
  4917 | D:6      | Killed a troll
  4918 | D:6      | Reached skill level 5 in Armour
  4921 | D:6      | Reached skill level 3 in Invocations
  5072 | D:6      | Killed peachesNpie's ghost
  5073 | D:6      | Reached skill level 1 in Shields
  5113 | D:6      | Got the ring of Cin Kus {Fire rPois rN+ Str-5 Int+3}
  5177 | D:6      | Killed a troll
  5178 | D:6      | Reached skill level 4 in Invocations
  5178 | D:6      | Reached skill level 5 in Evocations
  5181 | D:6      | Reached * piety under Yredelemnul
  5371 | D:7      | Found a runed translucent door.
  5372 | D:7      | Noticed Crazy Yiuf
  5565 | D:7      | Noticed Maggie
  5566 | D:7      | Noticed Jeremiah
  5597 | D:7      | Gained mutation: You are mostly covered in sharp spines.
                  | [demonic ancestry]
  5597 | D:7      | Reached XP level 10. HP: 72/76 MP: 13/13
  5598 | D:7      | Killed Jeremiah
  5618 | D:7      | Killed Maggie
  5814 | D:7      | Reached skill level 5 in Shields
  6351 | D:7      | Killed Crazy Yiuf
  6400 | D:8      | Found the amulet of Vitality {Regen++ RegenMP++}
  6535 | D:8      | Identified the +7 short sword "Umnyiviodwi" {holy, Will++
                  | Int+3}
  6592 | D:8      | Found a broken altar of Ashenzari.
  6710 | D:8      | Reached ** piety under Yredelemnul
  7418 | D:9      | Found an ancient bone altar of Kikubaaqudgha.
  7420 | D:9      | Found a sacrificial altar of Ru.
  7430 | D:9      | Found an iron altar of Okawaru.
  7472 | D:9      | Noticed a two-headed ogre
  7484 | D:9      | Found a staircase to the Lair.
  7491 | D:9      | Killed a two-headed ogre
  7577 | D:9      | Reached *** piety under Yredelemnul
  7581 | D:9      | Gained mutation: You regenerate magic rapidly. [demonic
                  | ancestry]
  7581 | D:9      | Reached XP level 11. HP: 75/83 MP: 14/14
  7704 | D:9      | Found a hide-covered altar of Uskayaw.
  7955 | D:10     | Entered Level 10 of the Dungeon
  8098 | D:10     | Noticed a two-headed ogre
  8103 | D:10     | Killed a two-headed ogre
  8146 | D:10     | Reached skill level 10 in Axes
  8276 | D:10     | Noticed a two-headed ogre
  8294 | D:10     | Killed a two-headed ogre
  8336 | D:10     | Found an ornate altar of the Wu Jian Council.
  8765 | Lair:1   | Entered Level 1 of the Lair of Beasts
  8862 | Lair:1   | Identified the +8 trident of the Sea {holy, Str+3}
  8889 | Lair:1   | Noticed a boulder beetle
  8915 | Lair:1   | Killed a boulder beetle
  9139 | Lair:1   | Reached skill level 5 in Invocations
  9681 | D:1      | Bought a scroll of acquirement for 520 gold pieces
  9681 | D:1      | Acquired a +2 broad axe of venom
 10273 | Lair:2   | Reached XP level 12. HP: 91/91 MP: 16/16
 10436 | Lair:2   | Reached skill level 6 in Invocations
 10439 | Lair:2   | Reached **** piety under Yredelemnul
 10445 | Lair:2   | Reached skill level 10 in Shields
 10475 | Lair:2   | Noticed Sonja
 10486 | Lair:2   | Killed Sonja
 10486 | Lair:2   | Bound Sonja
 10779 | Lair:2   | Found a staircase to the Shoals.
 10798 | Lair:2   | Reached skill level 7 in Invocations
 11184 | Lair:3   | Found a hole to the Spider Nest.
 11268 | Lair:3   | Found a snail-covered altar of Cheibriados.
 11281 | Lair:3   | Reached skill level 8 in Invocations
 11871 | Lair:4   | Gained mutation: You have an unnaturally thin skeletal
                  | structure. (Dex +6, Stealth+++) [demonic ancestry]
 11871 | Lair:4   | Reached XP level 13. HP: 91/99 MP: 19/19
 12145 | Lair:4   | Noticed Kirke
 12159 | Lair:4   | Killed Kirke
 12159 | Lair:4   | Reached ***** piety under Yredelemnul
 12360 | Lair:5   | Entered Level 5 of the Lair of Beasts
 12369 | Lair:5   | Reached skill level 9 in Invocations
 12955 | Lair:5   | Your ally Sonja died
 12964 | Lair:5   | Reached skill level 10 in Invocations
 13074 | Lair:5   | Found a large runed translucent door.
 13084 | Lair:5   | Found a large runed translucent door.
 13125 | Lair:5   | Reached skill level 10 in Fighting
 13134 | Lair:5   | Got an earthy gem with 137 turns to spare
 13290 | Lair:5   | Reached XP level 14. HP: 103/110 MP: 22/22
 13309 | Lair:5   | Found a staircase to the Slime Pits.
 13396 | Lair:5   | Reached skill level 11 in Invocations
 14194 | D:11     | Found a staircase to the Orcish Mines.
 14673 | D:11     | Got the Notes on Bright Breath
 14981 | Orc:1    | Entered Level 1 of the Orcish Mines
 15039 | Orc:1    | Found a transporter.
 15039 | Orc:1    | Noticed DrFunkyFeet's ghost (journeyman FeSu)
 15046 | Orc:1    | Found a transporter.
 15076 | Orc:1    | Found a frozen archway.
 15108 | IceCv    | Entered an ice cave
 15155 | IceCv    | Found the ring of the Mage {Wiz Archmagi}
 15499 | IceCv    | Identified the +0 leather armour of Eternal Vigilance
                  | {Str+6 Slay-5 SInv}
 15537 | IceCv    | Noticed a reaper
 15539 | IceCv    | Reached skill level 15 in Axes
 15555 | IceCv    | Killed a reaper
 15560 | IceCv    | Identified the ring of Vepirgh {Ice Stlth+}
 16138 | Orc:1    | Found a roughly hewn altar of Beogh.
 16150 | Orc:1    | Reached skill level 12 in Invocations
 16486 | Orc:2    | Entered Level 2 of the Orcish Mines
 16572 | Orc:2    | Found a bloodstained altar of Trog.
 17100 | Orc:2    | Found Kocoryov's Antique Armour Shop.
 17100 | Orc:2    | Found Pueski's Magic Scroll Shop.
 17101 | Orc:2    | Found Oxkavuaf's Weapon Boutique.
 17101 | Orc:2    | Found Xifefemibb's Assorted Antiques.
 17112 | Orc:2    | Bought a scroll of enchant weapon for 127 gold pieces
 17112 | Orc:2    | Bought a scroll of blinking for 127 gold pieces
 17112 | Orc:2    | Bought a scroll of identify for 34 gold pieces
 17213 | Orc:2    | Found a staircase to the Elven Halls.
 17444 | D:12     | Found a portal to a secret trove of treasure.
 17499 | D:12     | Found Gishat's Magic Scroll Shoppe.
 17512 | D:12     | Bought a scroll of teleportation for 48 gold pieces
 17512 | D:12     | Bought a scroll of fear for 64 gold pieces
 17512 | D:12     | Bought a scroll of fear for 64 gold pieces
 17512 | D:12     | Bought a scroll of fear for 64 gold pieces
 17530 | D:12     | Found a runed translucent gate.
 17531 | D:12     | Found a runed translucent gate.
 17532 | D:12     | Found a runed translucent gate.
 17534 | D:12     | Found an opulent altar of Gozag.
 17535 | D:12     | Noticed hikkokomori's ghost (journeyman CoAl)
 17536 | D:12     | Found Ciadev's Assorted Antiques.
 17536 | D:12     | Noticed a sphinx
 17615 | D:12     | Found Otynaid's Weapon Shoppe.
 17781 | D:12     | Gained mutation: You have a sharp stinger which inflicts
                  | weakening toxins. [demonic ancestry]
 17781 | D:12     | Reached XP level 15. HP: 119/119 MP: 24/24
 17783 | D:12     | Reached ****** piety under Yredelemnul
 17820 | D:12     | Found Wotel's Antique Armour Shop.
 17957 | D:12     | Found Isoewyqu's Distillery.
 17964 | D:12     | Bought a potion of heal wounds for 90 gold pieces
 17964 | D:12     | Bought a potion of curing for 54 gold pieces
 17964 | D:12     | Bought a potion of might for 72 gold pieces
 17964 | D:12     | Bought a potion of curing for 54 gold pieces
 17964 | D:12     | Bought a potion of heal wounds for 90 gold pieces
 17964 | D:12     | Bought a potion of curing for 54 gold pieces
 17975 | D:12     | Noticed Frances
 17983 | D:12     | Killed Frances
 18055 | D:13     | Noticed Jorgrun
 18061 | D:13     | Killed Jorgrun
 18097 | D:13     | Reached skill level 13 in Invocations
 18144 | D:13     | Noticed Azrael
 18148 | D:13     | Killed Azrael
 18148 | D:13     | Bound Azrael
 18300 | D:13     | Noticed Rupert
 18311 | D:13     | Killed Rupert
 18759 | D:13     | Found a gate to the Vaults.
 18771 | D:13     | Identified the +2 cloak "Fittenk" {+Blink Int+5}
 19456 | D:14     | Found a blossoming altar of Fedhas.
 19687 | D:15     | Entered Level 15 of the Dungeon
 19756 | D:15     | Your ally Azrael died
 19975 | D:15     | Reached skill level 5 in Dodging
 20165 | D:15     | Reached XP level 16. HP: 122/127 MP: 26/26
 20330 | D:15     | Noticed a sphinx
 20334 | D:15     | Found a staircase to the Depths.
 20337 | D:15     | Killed a sphinx
 20337 | D:15     | Bound a sphinx
 20715 | Spider:1 | Entered Level 1 of the Spider Nest
 20826 | Spider:1 | Found a roughly hewn altar of Beogh.
 21089 | Spider:1 | Identified the +6 scale mail "Bentek" {rF+ Str-3 SInv}
 21272 | D:12     | Bought a glowing plate armour for 676 gold pieces
 22856 | Spider:3 | Reached skill level 14 in Invocations
 22928 | Spider:3 | Noticed Agnes
 22931 | Spider:3 | Killed Agnes
 23157 | Spider:3 | Reached skill level 10 in Armour
 23772 | Spider:4 | Entered Level 4 of the Spider Nest
 23779 | Spider:4 | Gained mutation: You are completely covered in sharp
                  | spines. [demonic ancestry]
 23779 | Spider:4 | Reached XP level 17. HP: 136/136 MP: 27/27
 24864 | Spider:4 | Got a gossamer rune of Zot
 25634 | Shoals:1 | Entered Level 1 of the Shoals
 25859 | Shoals:1 | Reached skill level 15 in Invocations
 27027 | Shoals:2 | Reached XP level 18. HP: 102/145 MP: 29/29
 27709 | Shoals:3 | Found Ilenliw's Armour Shoppe.
 28203 | Shoals:3 | Found Jeph's Assorted Antiques.
 28242 | Shoals:3 | Found Rujapt's General Store.
 28249 | Shoals:3 | Bought a scroll of teleportation for 42 gold pieces
 28249 | Shoals:3 | Bought a scroll of teleportation for 42 gold pieces
 28259 | Shoals:3 | Found Ereqiwie's Jewellery Shoppe.
 28476 | Shoals:4 | Entered Level 4 of the Shoals
 28482 | Shoals:4 | Paralysed by a formless jellyfish for 1 turns
 28857 | Shoals:4 | Got a barnacled rune of Zot
 28928 | Shoals:4 | Noticed Polyphemus
 28946 | Shoals:4 | Killed Polyphemus
 29482 | Shoals:4 | Reached skill level 16 in Invocations
 29784 | Shoals:4 | Got the Papyrus of Frigorific Erosion
 30135 | Vaults:1 | Entered Level 1 of the Vaults
 30539 | Vaults:1 | Gained mutation: When hurt, damage is shared between your
                  | health and your magic reserves. [demonic ancestry]
 30539 | Vaults:1 | Reached XP level 19. HP: 129/153 MP: 31/31
 30875 | Vaults:1 | Found a transporter.
 30875 | Vaults:1 | Noticed CrossHare's ghost (adept GnWn)
 30889 | Vaults:1 | Found a transporter.
 30955 | Vaults:1 | Noticed Nikola
 30969 | Vaults:1 | Killed Nikola
 30969 | Vaults:1 | Bound Nikola
 31445 | Vaults:1 | Found Xamnuad's Armour Shop.
 33584 | Vaults:2 | Reached skill level 15 in Fighting
 33792 | Vaults:2 | Reached skill level 17 in Invocations
 33852 | Vaults:2 | Found a runed translucent gate.
 33852 | Vaults:2 | Found a runed translucent gate.
 33852 | Vaults:2 | Found a runed translucent gate.
 33857 | Vaults:2 | Noticed Zacay's ghost (adept HuEE)
 34009 | Vaults:2 | Found a staircase to the Crypt.
 34219 | Vaults:2 | Reached skill level 10 in Dodging
 34421 | Vaults:2 | Found an iron altar of Okawaru.
 34628 | D:12     | Bought a lightning rod (4/4) for 1200 gold pieces
 34661 | D:12     | Killed hikkokomori's ghost
 35322 | Vaults:3 | Reached skill level 5 in Throwing
 35424 | Vaults:3 | Reached XP level 20. HP: 139/162 MP: 32/32
 35605 | Vaults:3 | Got Boega's Folio of Windy Earth
 36632 | Vaults:4 | Paralysed by a formless jellyfish for 1 turns
 36944 | Vaults:4 | Reached skill level 15 in Armour
 37120 | Vaults:4 | Paralysed by a sphinx for 5 turns
 37813 | Depths:1 | Entered Level 1 of the Depths
 37922 | Depths:1 | Identified the granite talisman of the Nine Xeniums {rN+
                  | MP+9 Str+2}
 37926 | Depths:1 | Found a one-way gate leading to the halls of Pandemonium.
 38301 | Depths:1 | Found a runed translucent door.
 38374 | Depths:1 | Noticed Zuofef's ghost (veteran GrEE)
 38494 | Depths:1 | Found an opulent altar of Gozag.
 38575 | Depths:1 | Reached skill level 18 in Invocations
 38663 | Depths:1 | Found Zody's Distillery.
 38671 | Depths:1 | Bought a potion of curing for 45 gold pieces
 38671 | Depths:1 | Bought a potion of invisibility for 120 gold pieces
 38832 | Depths:1 | Found a gateway to Hell.
 39267 | Depths:2 | Noticed a juggernaut
 39279 | Depths:2 | Gained mutation: Your presence sometimes corrodes those you
                  | injure. [demonic ancestry]
 39279 | Depths:2 | Reached XP level 21. HP: 156/170 MP: 32/34
 39286 | Depths:2 | Killed a juggernaut
 39525 | Depths:2 | Identified the +0 orcbow of the Turnip {speed, rCorr Str+3
                  | Stlth+}
 40929 | Depths:3 | Found a one-way gate to the infinite horrors of the Abyss.
 40968 | Depths:3 | Found a one-way gateway to a ziggurat.
 41193 | Depths:3 | Noticed a golden dragon
 41225 | Depths:3 | Noticed a caustic shrike
 41229 | Depths:3 | Killed a golden dragon
 41267 | Depths:3 | Killed a caustic shrike
 41811 | Depths:3 | Found a sacrificial altar of Ru.
 42349 | Depths:3 | Reached skill level 10 in Throwing
 42517 | Depths:3 | Reached skill level 19 in Invocations
 42559 | Depths:3 | Noticed a golden dragon
 42568 | Depths:3 | Killed a golden dragon
 42627 | Depths:4 | Entered Level 4 of the Depths
 42631 | Depths:4 | Noticed a juggernaut
 42645 | Depths:4 | Reached XP level 22. HP: 142/179 MP: 29/35
 42649 | Depths:4 | Killed a juggernaut
 42732 | Depths:4 | Your ally Nikola died
 43361 | Depths:4 | Found a gate to the Realm of Zot.
 43523 | Depths:4 | Found Luso's General Store.
 43528 | Depths:4 | Bought a scroll of teleportation for 66 gold pieces
 43528 | Depths:4 | Bought a potion of heal wounds for 110 gold pieces
 43770 | Depths:4 | Noticed an ancient lich
 43785 | Depths:4 | Killed an ancient lich
 43892 | Zig:1    | Entered Level 1 of a ziggurat
 43892 | Zig:1    | Noticed Isumoha the pandemonium lord
 43902 | Zig:1    | Killed Isumoha the pandemonium lord
 43911 | Zig:2    | Entered Level 2 of a ziggurat
 43932 | Zig:3    | Entered Level 3 of a ziggurat
 43971 | Zig:4    | Entered Level 4 of a ziggurat
 44017 | Zig:5    | Entered Level 5 of a ziggurat
 44021 | Zig:5    | Noticed Zageroa the pandemonium lord
 44023 | Zig:5    | Found the +7 Spriggan's Knife {stab, EV+4 Stlth+}
 44030 | Zig:5    | Killed Zageroa the pandemonium lord
 44493 | Vaults:5 | Entered Level 5 of the Vaults
 44511 | Vaults:5 | Reached skill level 15 in Shields
 44617 | Vaults:5 | Identified the +9 rapier of Raif {antimagic, rN+ Will+
                  | Int+3 Dex+2}
 45267 | D:12     | Bought a scroll of enchant armour for 120 gold pieces
 45267 | D:12     | Bought a scroll of enchant armour for 120 gold pieces
 46072 | Vaults:5 | Reached skill level 20 in Invocations
 46072 | Vaults:5 | Reached XP level 23. HP: 167/188 MP: 35/37
 47358 | Vaults:5 | Identified the +2 plate armour of Xom's Inspiration {rC+
                  | Slay+2}
 47374 | Vaults:5 | Got a silver rune of Zot
 47382 | Vaults:5 | Acquired the +2 pair of boots of Okawaru's Supremacy
                  | {^Contam Rampage rN++ Regen+}
 47548 | Vaults:5 | Identified the ring "Ojis" {Fly rC+ rCorr MP+9 Int-4}
 47622 | Vaults:5 | Got the Opusculum on Malevolent Words
 47639 | Vaults:5 | Found Urchairi's General Store.
 47646 | Vaults:5 | Bought a scroll of teleportation for 60 gold pieces
 47646 | Vaults:5 | Bought a scroll of blinking for 150 gold pieces
 47646 | Vaults:5 | Bought a scroll of fear for 80 gold pieces
 47736 | Vaults:5 | Found the +8 orange crystal plate armour {Archmagi, Int+3
                  | Clar}
 47757 | Vaults:5 | Identified the +3 hand axe of Ori Byaty {speed, *Rage Fly
                  | rElec rN+}
 47831 | Vaults:5 | Got Sif Muna's Quarto of Anathema and Scree
 48588 | Shoals:3 | Bought a ring of poison resistance for 320 gold pieces
 48947 | Zot:1    | Entered Level 1 of the Realm of Zot
 49217 | Zot:1    | Noticed a curse toe
 49224 | Zot:1    | Killed a curse toe
 49439 | Zot:1    | Noticed an orb of fire
 49450 | Zot:1    | Gained mutation: Armour fits poorly on your strangely
                  | shaped body. [an orb of fire]
 49452 | Zot:1    | Killed an orb of fire
 49497 | Zot:1    | Lost mutation: Armour fits poorly on your strangely shaped
                  | body. [potion of mutation]
 49497 | Zot:1    | Gained mutation: Your muscles are strong. (Str +4, Int/Dex
                  | -1) [potion of mutation]
 49497 | Zot:1    | Gained mutation: You have supernaturally acute eyesight.
                  | (SInv) [potion of mutation]
 49593 | Zot:1    | Identified the +7 arbalest of the Screaming Seer {flame,
                  | Str+4}
 49868 | Zot:3    | Found a transporter.
 49874 | Zot:3    | Found a transporter.
 50051 | Zot:5    | Entered Level 5 of the Realm of Zot
 50239 | Zot:5    | Noticed a curse toe
 50246 | Zot:5    | Killed a curse toe
 50412 | Zot:5    | Gained mutation: Your presence sometimes corrodes or
                  | deforms those you injure. [demonic ancestry]
 50412 | Zot:5    | Reached XP level 24. HP: 173/197 MP: 37/37
 50421 | Zot:5    | Noticed an ancient lich
 50552 | Zot:5    | Noticed a Killer Klown
 50726 | Zot:5    | Noticed a Killer Klown
 50728 | Zot:5    | Killed an ancient lich
 50739 | Zot:5    | Noticed an orb of fire
 50746 | Zot:5    | Killed an orb of fire
 50774 | Zot:5    | Noticed a Killer Klown
 50980 | Zot:5    | Reached skill level 21 in Invocations
 50993 | Zot:5    | Killed a Killer Klown
 51005 | Zot:5    | Killed a Killer Klown
 51105 | Zot:5    | Got the Orb of Zot
 51112 | Zot:5    | Noticed Xauzemm the pandemonium lord
 51769 | D:$      | Escaped with the Orb!

Illustrated notes

Levels and vault maps discovered:
D:1:      heliophobic_arrival_dark_side_of_the_moon, layout_rooms, serial_shops,
          shop_fountains
D:2:      layout_basic, uniq_sigmund
D:3:      layout_basic, chequers_serial_rivers_small_a
D:4:      layout_basic, grunt_tough_drop
D:5:      layout_cave_pools, amethyst_killhole
D:6:      layout_loops_ring, minmay_temple_entry_nine_rooms,
          gammafunk_ghost_icy, cheibrodos_sewer_entry_bend,
          minmay_hollow_rounded_squares
D:7:      layout_basic, nicolae_concentric_dashed_squares_mild,
          uniq_crazy_yiuf_cottage, uniq_maggie, uniq_jeremiah
D:8:      layout_layer_cave, ashenzari_altar_1
D:9:      layout_loops_ring, nicolae_overflow_macrodata_refinement,
          dpeg_lair_monsters
D:10:     layout_small_grid, mainiacjoe_overflow_six_doors_small
D:11:     layout_rooms, erik_orc_3, minmay_variable_closet
D:12:     layout_irregular_city, ebering_ghost_gozag, serial_shops,
          nicolae_shop_advertising_works [nicolae_subvault_shop_adworks], shop,
          shop, shop, enter_trove_0, serial_bayou_pond_d, uniq_frances
D:13:     layout_roguey [special_room_bee], grunt_vaults_entry_tiered,
          uniq_rupert, uniq_azrael, uniq_jorgrun
D:14:     layout_roguey, fedhas_altar_4, drop_trap
D:15:     hellmonk_depths_entry_around_the_bend, layout_basic,
          chequers_serial_rivers_micro_d, minmay_joined_circles
Temple:   kb_temple_of_zot
Lair:1:   layout_roguey
Lair:2:   layout_long_grid, minmay_shoals_entry_lonely_mermaid, minivault_11,
          serial_bayou_shore_a, uniq_sonja
Lair:3:   layout_hall_layers, hellmonk_spider_entry_not_the_bees,
          kennysheep_snail_temple
Lair:4:   layout_roguey, infiniplex_staircase_pool_2, uniq_kirke
Lair:5:   cheibrodos_lair_end_hotspot, layout_gridlike,
          nicolae_slime_entry_slimehenge, serial_forest,
          infiniplex_forest_straight_1, infiniplex_forest_join,
          infiniplex_forest_clump_long, infiniplex_forest_end_1,
          infiniplex_forest_clump_small, infiniplex_forest_zigzag_1,
          infiniplex_forest_end_3, infiniplex_forest_clump_medium,
          cheibrodos_lair_lostbears
Shoals:1: cheibrodos_shoals_roost, layout_shoals
Shoals:2: layout_shoals, nicolae_shoals_bring_sunscreen
Shoals:3: nicolae_shoals_island_circles, layout_shoals, serial_shops,
          nicolae_shop_hallway_stairs, nicolae_shop_tiny_waterfront, shop,
          nicolae_shop_back_alley_shop
Shoals:4: shoals_end_grunt_ice, layout_shoals, nicolae_shoals_lost_giant_hut,
          uniq_polyphemus
Spider:1: nicolae_spider_mines_2
Spider:2: layout_spider_delve, hangedman_spider_tarantella_strand
Spider:3: layout_cave_pods, uniq_agnes
Spider:4: hellmonk_spider_rune_bug_friends, nicolae_spider_stair_cavern
Orc:1:    nicolae_orc_accident_2, layout_caves, portal_ice_cave_rime,
          gammafunk_ghost_berserking_beasts
Orc:2:    st_orc_pillars, layout_diamond_mine, basic_altar
Vaults:1: gammafunk_ghost_arena, nicolae_vaults_sesquioval_fish,
          ontoclasm_vaults_ring_square, nicolae_vaults_network_quinsquares
          [nicolae_vaults_network_quincunx_subvault,
          nicolae_vaults_network_quincunx_subvault,
          nicolae_vaults_network_quincunx_subvault,
          nicolae_vaults_network_quincunx_subvault], grunt_vaults_hallway_short,
          nicolae_vaults_storage_closets_1, v_alt_pattern_5,
          vaults_room_hallway, nicolae_vaults_heist,
          nicolae_vaults_little_squares_6, layout_vaults_chaotic_city,
          serial_shops, shop, uniq_nikola
Vaults:2: gammafunk_ghost_fury_of_okawaru, minmay_crypt_entry_vampire_xt,
          hangedman_vaults_snaps, nicolae_vaults_little_ls,
          hangedman_vaults_slice, vaults_room_pools, v_misc_8,
          nicolae_vaults_shelves_hall, nicolae_vaults_network_barrier,
          grunt_vaults_twisty, nicolae_vaults_trapezoid_layered,
          nicolae_vaults_apartment_2, layout_vaults_omnibox
Vaults:3: nicolae_vaults_diamond_2, nicolae_vaults_tetromino_T_1,
          nicolae_vaults_trapezoid_3, vaults_dpeg_emergency_exit,
          grunt_vaults_hallway_short, v_misc_32, nicolae_vaults_sealed_display,
          dpeg_vaults_monster_row, ontoclasm_vaults_shuriken,
          vaults_mumra_minichess_inversion, v_misc_29,
          nicolae_vaults_trapezoid_lopsided_2, nicolae_vaults_spaceships,
          nicolae_vaults_tetromino_Z_2, layout_vaults_ring
Vaults:4: vaults_room_fancy_cross, nicolae_vaults_hexular_roomagon,
          vaults_mumra_chevron_long, v_pattern_4, nicolae_vaults_two_Ls,
          vaults_room_pool, nicolae_vaults_closet_pinwheel_1,
          layout_vaults_omnigrid, uniq_margery
Vaults:5
Depths:1: layout_roguey, grunt_decor_clamped, rand_demon_pan_entry_5,
          hell_entry, serial_shops, nicolae_shop_tiny_statue_garden,
          muffindrake_ghost_three_little_ghosts, chequers_serial_rivers_micro_d,
          drop_trap, grunt_gozag_breadcrumbs
Depths:2: minmay_the_grid_3x3 [minmay_the_grid_minigrid_small,
          minmay_the_grid_odd_star, minmay_the_grid_embedded, minmay_the_grid_x,
          minmay_the_grid_broken_lines, minmay_the_grid_mess,
          minmay_the_grid_garden, minmay_the_grid_tiny_cups,
          minmay_the_grid_prize_trominoes], layout_gridville, serial_sigils,
          serial_sigils_hangedman_gut, serial_sigils_hangedman_gut,
          serial_sigils_hangedman_shear, serial_sigils_hangedman_quiver,
          hell_entry, grunt_pan_entry_sceptre
Depths:3: minmay_tearing_corner, layout_gridlike, enter_ziggurat_d,
          hangedman_geh_valley, regret_index_abyss_entry_earlier_magic,
          nicolae_ru_awakened_eye
Depths:4: evilmike_zot_entry_argh, layout_cave_pools, serial_shops, shop,
          hell_entry, minmay_misc_feat_tiny, minmay_librarian
Zot:1:    layout_twisted_circle, regret_index_zotdec_banners
Zot:2:    layout_gridlike, bh_zot_lava_cross, grunt_ministairs_15
Zot:3:    minmay_elemental_castle, layout_onion_interference,
          hangedman_zot_decor_unnerving_road, nicolae_diode_stairs
Zot:4:    layout_gridlike, hangedman_zot_gyre, lemuel_elevator
Zot:5:    layout_cellular_growth, bh_zot_levy_curve, st_stairs_12

Skill      XL: |  1  2  3  4  5  6  7  8  9 10 11 12 13 14 15 16 17 18 19 20 21 22 23 24 |
---------------+-------------------------------------------------------------------------+-----
Axes           | 3 4 5 6 7 8 9 11 12 14 15 16 17 18 | 18.0
Armour         | 1 2 3 4 5 6 8 10 11 13 14 15 16 17 18 | 18.0
Fighting       | 3 4 5 6 7 8 10 11 12 13 14 15 16 17 18 | 18.3
Evocations     | 1 2 4 5 7 8 |  8.0
Invocations    | 2 4 5 8 10 12 13 14 15 16 17 18 19 20 21 | 21.3
Shields        | 3 8 9 10 11 12 13 14 15 16 | 16.2
Dodging        | 3 5 6 7 9 10 11 12 13 | 13.9
Throwing       | 5 8 10 12 13 14 | 14.5

Action                     |  1- 3 |  4- 6 |  7- 9 | 10-12 | 13-15 | 16-18 | 19-21 | 22-24 || total
---------------------------+-------+-------+-------+-------+-------+-------+-------+-------++-------
  Melee: War axe           |    58 |    36 |   228 |   227 |       |       |       |       ||   549
         Tailslap          |       |       |    34 |    61 |   175 |   211 |   343 |   166 ||   990
         Broad axe         |       |       |       |   139 |   804 |   870 |  1220 |   649 ||  3682
         Unarmed           |       |       |       |       |     1 |       |       |       ||     1
         Staff             |       |       |       |       |       |     6 |    31 |       ||    37
   Fire: Sling             |    65 |    51 |    83 |     2 |       |       |       |       ||   201
  Throw: Throwing net      |       |     2 |     2 |     2 |       |       |       |       ||     6
         Javelin           |       |       |       |       |       |       |     5 |    22 ||    27
 Invoke: Light the Black T |       |       |     2 |     7 |     8 |    10 |     7 |    10 ||    44
         Hurl Torchlight   |       |       |       |     1 |     8 |     9 |    12 |     9 ||    39
         Bind Soul         |       |       |       |     1 |     1 |     3 |     2 |     3 ||    10
         Fathomless Shackl |       |       |       |       |     1 |       |       |     1 ||     2
         Recall Undead Har |       |       |       |       |     1 |     7 |     7 |     3 ||    18
Ability: Evoke Blink       |       |     1 |       |       |       |       |       |       ||     1
  Evoke: Wand              |       |       |     6 |     2 |     9 |     6 |    22 |     9 ||    54
         Phial of floods   |       |       |       |     1 |     1 |       |     1 |       ||     3
         Condenser vane    |       |       |       |       |     4 |     2 |     2 |     2 ||    10
         Phantom mirror    |       |       |       |       |     2 |     2 |     1 |       ||     5
         Sack of spiders   |       |       |       |       |     1 |     1 |     1 |     2 ||     5
         Lightning rod     |       |       |       |       |       |       |     8 |       ||     8
    Use: Scroll            |     1 |       |       |    17 |     8 |     6 |     4 |    23 ||    59
         Potion            |       |       |       |       |     1 |     5 |     7 |    12 ||    25
   Stab: Distracted        |       |       |     1 |    11 |    21 |    41 |    33 |    16 ||   123
         Sleeping          |       |       |       |     6 |    20 |     7 |     8 |       ||    41
         Confused          |       |       |       |       |     2 |     1 |       |       ||     3
         Invisible         |       |       |       |       |     1 |       |       |       ||     1
         Petrified         |       |       |       |       |       |     5 |     5 |       ||    10
         Petrifying        |       |       |       |       |       |     2 |       |       ||     2
         Held in net/web   |       |       |       |       |       |     1 |       |       ||     1
         Fleeing           |       |       |       |       |       |       |       |     1 ||     1
 Armour: Leather armour    |    28 |       |       |       |       |       |       |       ||    28
         Ring mail         |    35 |     2 |       |       |       |       |       |       ||    37
         Chain mail        |       |    54 |   200 |    10 |       |       |       |       ||   264
         Swamp dragon scal |       |       |       |   189 |   219 |    36 |       |       ||   444
         Skin              |       |       |       |       |     2 |       |       |       ||     2
         Plate armour      |       |       |       |       |   140 |   719 |   782 |   212 ||  1853
         Ice dragon scales |       |       |       |       |    17 |       |       |       ||    17
         Crystal plate arm |       |       |       |       |       |       |       |   552 ||   552
  Dodge: Dodged            |    37 |    17 |    87 |    90 |    99 |   176 |   274 |   255 ||  1035
  Block: Tower shield      |       |       |    62 |   412 |   761 |   722 |   667 |   966 ||  3590
         Kite shield       |       |       |       |       |       |   282 |   380 |       ||   662
         Reflection        |       |       |       |       |       |    24 |    24 |       ||    48

Table legend: (Time is in decaauts)
 A = Elapsed time spent in this place.
 B = Non-inter-level travel time spent in this place.
 C = Inter-level travel time spent in this place.
 D = Time resting spent in this place.
 E = Time spent auto-exploring this place.
 F = Levels seen in this place.
 G = Mean time per level.
                   A        B        C        D        E       F      G
               +--------+--------+--------+--------+--------+-----+--------+
         Total |  52241 |  44219 |   8022 |   6672 |  22776 |  52 | 1004.6 |
       Dungeon |  16428 |  12696 |   3732 |   1121 |   8050 |  15 | 1095.2 |
        Temple |     10 |      7 |      3 |      0 |      0 |   1 |   10.0 |
          Lair |   5470 |   3999 |   1471 |     96 |   2633 |   5 | 1094.0 |
        Shoals |   4370 |   3726 |    644 |    578 |   2065 |   4 | 1092.5 |
   Spider Nest |   4282 |   4067 |    215 |    431 |   1981 |   4 | 1070.5 |
  Orcish Mines |   1735 |   1510 |    225 |      7 |    923 |   2 |  867.5 |
        Vaults |   9766 |   8685 |   1081 |   2530 |   3847 |   5 | 1953.2 |
        Depths |   6388 |   5883 |    505 |   1541 |   2420 |   4 | 1597.0 |
           Zot |   2439 |   2296 |    143 |     87 |    561 |   5 |  487.8 |
      Ziggurat |    229 |    229 |      0 |     65 |      7 |   5 |   45.8 |
         Sewer |    240 |    240 |      0 |      9 |     79 |   1 |  240.0 |
      Ice Cave |    880 |    880 |      0 |    206 |    209 |   1 |  880.0 |
               +--------+--------+--------+--------+--------+-----+--------+

Top non-repeatable levels by time:
Vaults:4: 3232 daAuts
Depths:3: 2220 daAuts
Vaults:1: 2027 daAuts
Depths:2: 1892 daAuts
Vaults:2: 1707 daAuts
    D:13: 1592 daAuts
Vaults:3: 1545 daAuts
Spider:4: 1512 daAuts
Depths:1: 1457 daAuts
  Lair:2: 1450 daAuts
     D:7: 1438 daAuts
     D:2: 1356 daAuts
  Lair:5: 1349 daAuts
Vaults:5: 1254 daAuts
     D:6: 1245 daAuts
